 Dungeon Crawl Stone Soup version 0.28-a0-804-g60983d4ba9 (webtiles) character file.

Game seed: 8922709718377423564

3663 lessens the Magician (level 10, -9/72 (74) HPs)
             Began as a Gnoll Venom Mage on Nov 7, 2021.
             Was an Initiate of Okawaru.
             Mangled by an ice beast (11 damage)
             ... on level 7 of the Dungeon.
             The game lasted 00:14:45 (9402 turns).

lessens the Magician (Gnoll Venom Mage)             Turns: 9402, Time: 00:14:45

HP:   -9/72 (74)    AC:  5    Str: 11    XL:     10   Next: 12%
MP:   20/20         EV: 18    Int: 14    God:    Okawaru [......]
Gold: 363           SH:  0    Dex: 13    Spells: 13/23 levels left

rFire   . . .      SeeInvis .   g - +0 trident
rCold   . . .      Faith    .   (no shield)
rNeg    + . .      Spirit   .   t - +1 robe {Archmagi}
rPois   .          Reflect  .   i - +0 helmet
rElec   .          Harm     .   k - +0 cloak
rCorr   .          Rampage  .   (no gloves)
Will    .....      Archmagi +   (no boots)
Stlth   +++.......              (no amulet)
HPRegen 0.22/turn               u - ring of positive energy
MPRegen 0.17/turn               v - +4 ring of evasion

@: lightly drained
A: fangs 1, strong nose, distributed training
a: Renounce Religion


You were on level 7 of the Dungeon.
You worshipped Okawaru.
Okawaru was noncommittal.
You visited 2 branches of the dungeon, and saw 8 of its levels.

You collected 363 gold pieces.

Inventory:

Hand Weapons
 g - a +0 trident (weapon)
 z - a +2 mace of protection
Missiles
 d - 139 stones
 h - 4 boomerangs (quivered)
 j - 23 poisoned darts
Armour
 a - a +0 robe
 i - a +0 helmet (worn)
 k - a +0 cloak (worn)
 t - a +1 robe of the Archmagi (worn)
Jewellery
 u - a ring of positive energy (left hand)
 v - a +4 ring of evasion (right hand)
Wands
 q - a wand of flame (13)
Scrolls
 b - 4 scrolls of identify
 c - 2 scrolls of amnesia {unknown}
 m - a scroll of silence {unknown}
 p - a scroll of brand weapon {unknown}
 w - a scroll of teleportation {unknown}
 y - a scroll of torment {unknown}
 A - a scroll of fear {unknown}
 D - a scroll of holy word {unknown}
Potions
 e - 2 potions of mutation {unknown}
 f - 2 potions of attraction {unknown}
 l - 2 potions of haste
 n - a potion of degeneration {unknown}
 o - a potion of heal wounds {unknown}
 r - a potion of cancellation {unknown}
 s - a potion of ambrosia {unknown}
 x - a potion of might {unknown}
 B - a potion of lignification {unknown}
Miscellaneous
 C - a piece from Xom's chessboard (8/15)


   Skills:
 + Level 5.0 Fighting
 + Level 5.0 Short Blades
 + Level 5.0 Long Blades
 + Level 5.0 Axes
 + Level 5.0 Maces & Flails
 + Level 5.0 Polearms
 + Level 5.0 Staves
 + Level 5.0 Slings
 + Level 5.0 Bows
 + Level 5.0 Crossbows
 + Level 5.0 Throwing
 + Level 5.0 Armour
 + Level 6.8 Dodging
 + Level 6.6 Stealth
 + Level 5.0 Shields
 + Level 5.0 Unarmed Combat
 + Level 7.1 Spellcasting
 + Level 4.1 Conjurations
 + Level 4.1 Hexes
 + Level 4.1 Summonings
 + Level 4.1 Necromancy
 + Level 4.1 Translocations
 + Level 4.7 Transmutations
 + Level 4.1 Fire Magic
 + Level 4.1 Ice Magic
 + Level 4.1 Air Magic
 + Level 4.1 Earth Magic
 + Level 6.9 Poison Magic
 + Level 5.4 Invocations
 + Level 5.0 Evocations


You had 13 spell levels left.
You knew the following spells:

 Your Spells              Type           Power      Damage    Failure   Level
a - Sting                 Tmut/Pois      100%       1d8       1%          1
b - Poisonous Vapours     Pois/Air       60%        N/A       2%          2
c - Olgreb's Toxic Radia  Pois           36%        N/A       9%          4
d - Mephitic Cloud        Conj/Pois/Air  28%        N/A       5%          3

Your spell library contained the following spells:

 Spells                   Type           Power      Damage    Failure   Level


Dungeon Overview and Level Annotations

Branches:
Dungeon (7/15)             Temple (1/1) D:6

Altars:
Cheibriados
Dithmenos
Elyvilon
Gozag
Hepliaklqana
Kikubaaqudgha
Makhleb
Nemelex Xobeh
Okawaru
Qazlal
Sif Muna
Uskayaw
Vehumet
Wu Jian
Yredelemnul
Zin

Shops:
D:2 *   D:4 [

Annotations:
D:6 1 exclusion
D:7 1 transporter


Innate Abilities, Weirdness & Mutations

You have very sharp teeth.
Your uncanny sense of smell can sniff out nearby items.
Your experience applies equally to all skills.


Message History

You destroy the wight!
Okawaru accepts your kill.
The wight is no longer paralysed.
Aiming: Throw Flame
Press: ? - help, Shift-Dir - straight line, f/p - ice beast
Aim: an ice beast (moderately wounded, 74% to hit)
The puff of flame misses the ice beast.
The puff of flame hits the wight.
The wight is moderately damaged.
The ice beast hits you.
* * * LOW HITPOINT WARNING * * *
The ice beast freezes you.
* * * LOW HITPOINT WARNING * * *
The shadow imp grinds its teeth.
The wight hits you from afar with a +0 spear.
* * * LOW HITPOINT WARNING * * *
Aiming: Throw Flame
Press: ? - help, Shift-Dir - straight line, f/p - ice beast
Aim: an ice beast (moderately wounded, 74% to hit)
The puff of flame misses the ice beast.
The puff of flame hits the wight!
The wight is severely damaged.
The wight misses you. The ice beast misses you.
The shadow imp disappears for a moment.
Aiming: Throw Flame
Press: ? - help, Shift-Dir - straight line, f/p - ice beast
Aim: an ice beast (moderately wounded, 74% to hit)
The puff of flame hits the ice beast.
The ice beast melts!
The ice beast is heavily wounded.
The wight barely misses you. The ice beast closely misses you.
The wight barely misses you.
Aiming: Throw Flame
Press: ? - help, Shift-Dir - straight line, f/p - ice beast
Aim: an ice beast (heavily wounded, 74% to hit)
The puff of flame hits the ice beast but does no damage.
The ice beast is heavily wounded.
The wight hits you from afar with a +0 spear!
* * * LOW HITPOINT WARNING * * *
The ice beast hits you.
* * * LOW HITPOINT WARNING * * *
The ice beast freezes you!
You die...

##..........#### #.
####..........#####.
##.......#.....#.
#.###........... #.# ###.####....
#.####........#. ##########
##......#........
.........########................
............#zzY@.©.[...######...
..............#########..........
..............#8P$©$P8#.####.....
.......)†.....#≈./.[.P#..........
.........#....####+####.####.....
.........#....#K≈...≈5#..........
.......###....#o≈...≈o#....#...>.
..............#o≈≈≈≈≈K#..........
..............#5≈≈⌠≈≈.#..........


You could see 2 kobold demonologists, an ice beast, 2 wights, 3 orc priests and
a shadow imp.

Vanquished Creatures
  A two-headed ogre (D:6)
  Pikel (D:6)
  A troll (D:5)
  Sigmund (D:5)
  Edmund (D:6)
  A water moccasin (D:6)
  An ice beast (D:5)
  An orc warrior (D:6)
  A necrophage (D:5)
  5 ogres
  3 centaurs
  2 lemures (D:5)
  Blork the orc (D:5)
  A bullfrog (D:7)
  A water moccasin zombie (D:6)
  6 killer bees (D:7)
  2 wights
  2 centaur zombies (D:5)
  Crazy Yiuf (D:6)
  An orc priest (D:6)
  A jelly (D:5)
  2 centaur skeletons
  3 iguanas
  Ijyb (D:5)
  2 orc wizards
  A mummy (D:4)
  4 gnolls (D:6)
  9 adders
  An ufetubus (D:5)
  An adder skeleton (D:4)
  3 worms
  2 dart slugs
  10 orcs
  9 endoplasms
  2 giant cockroaches
  5 goblins
  8 hobgoblins
  8 jackals
  7 kobolds
  6 quokkas
  6 ball pythons
  4 bats
  A frilled lizard (D:1)
  5 rats
135 creatures vanquished.

Vanquished Creatures (others)
  2 fungi (D:6)
2 creatures vanquished.

Grand Total: 137 creatures vanquished

Notes
Turn   | Place    | Note
-------+----------+-------------------------------------------
     0 | D:1      | lessens the Gnoll Venom Mage began the quest for the Orb.
     0 | D:1      | Reached XP level 1. HP: 13/13 MP: 6/6
   223 | D:1      | Reached XP level 2. HP: 19/19 MP: 1/7
   473 | D:1      | Learned a level 2 spell: Poisonous Vapours
   725 | D:1      | Reached XP level 3. HP: 23/25 MP: 3/9
   820 | D:1      | Reached skill level 5 in Spellcasting
  1005 | D:2      | Found Wyfy's Assorted Antiques.
  1043 | D:2      | Reached skill level 1 in Invocations
  1392 | D:2      | Reached skill level 1 in Fighting
  1392 | D:2      | Reached skill level 1 in Short Blades
  1392 | D:2      | Reached skill level 1 in Long Blades
  1392 | D:2      | Reached skill level 1 in Axes
  1392 | D:2      | Reached skill level 1 in Maces & Flails
  1392 | D:2      | Reached skill level 1 in Polearms
  1392 | D:2      | Reached skill level 1 in Staves
  1392 | D:2      | Reached skill level 1 in Slings
  1392 | D:2      | Reached skill level 1 in Bows
  1392 | D:2      | Reached skill level 1 in Crossbows
  1392 | D:2      | Reached skill level 1 in Throwing
  1392 | D:2      | Reached skill level 1 in Armour
  1392 | D:2      | Reached skill level 1 in Shields
  1392 | D:2      | Reached skill level 1 in Unarmed Combat
  1392 | D:2      | Reached skill level 1 in Evocations
  1429 | D:2      | Reached XP level 4. HP: 32/32 MP: 1/11
  1982 | D:2      | Reached skill level 1 in Conjurations
  1982 | D:2      | Reached skill level 1 in Hexes
  1982 | D:2      | Reached skill level 1 in Summonings
  1982 | D:2      | Reached skill level 1 in Necromancy
  1982 | D:2      | Reached skill level 1 in Translocations
  1982 | D:2      | Reached skill level 1 in Fire Magic
  1982 | D:2      | Reached skill level 1 in Ice Magic
  1982 | D:2      | Reached skill level 1 in Air Magic
  1982 | D:2      | Reached skill level 1 in Earth Magic
  2346 | D:3      | Found a shimmering blue altar of Sif Muna.
  2536 | D:3      | Reached XP level 5. HP: 29/37 MP: 6/12
  2852 | D:3      | Found a basalt altar of Yredelemnul.
  3171 | D:4      | Learned a level 4 spell: Olgreb's Toxic Radiance
  3175 | D:4      | Learned a level 3 spell: Mephitic Cloud
  3278 | D:4      | Noticed a +0 hand axe
  3279 | D:4      | Found a hide-covered altar of Uskayaw.
  3279 | D:4      | Noticed a +0 hand axe
  3768 | D:4      | Noticed an ogre
  3781 | D:4      | Killed an ogre
  3782 | D:4      | Reached XP level 6. HP: 44/44 MP: 6/13
  3836 | D:4      | Found a snail-covered altar of Cheibriados.
  3902 | D:4      | Found Udyevvai's Antique Armour Boutique.
  4128 | D:4      | Reached skill level 5 in Dodging
  4336 | D:4      | Reached XP level 7. HP: 50/50 MP: 5/15
  4705 | D:5      | Entered Level 5 of the Dungeon
  5218 | D:5      | Reached skill level 5 in Stealth
  5340 | D:5      | Found a radiant altar of Vehumet.
  5494 | D:5      | Noticed Blork the orc
  5543 | D:5      | Killed Blork the orc
  5677 | D:5      | Identified the +9 dagger of Ticaikk {venom, rF+ rN+}
  5710 | D:5      | Reached XP level 8. HP: 44/57 MP: 16/16
  5780 | D:5      | Noticed Sigmund
  5795 | D:5      | Killed Sigmund
  5873 | D:5      | Reached skill level 6 in Spellcasting
  5951 | D:5      | Found a stormy altar of Qazlal.
  6003 | D:5      | Noticed a troll
  6018 | D:5      | Killed a troll
  6204 | D:5      | Noticed Ijyb
  6213 | D:5      | Killed Ijyb
  6431 | D:5      | Found an ornate altar of the Wu Jian Council.
  6431 | D:5      | Found a sparkling altar of Nemelex Xobeh.
  6939 | D:6      | Noticed a two-headed ogre
  6953 | D:6      | Killed a two-headed ogre
  6954 | D:6      | Reached XP level 9. HP: 64/65 MP: 3/18
  7367 | D:6      | Noticed Pikel
  7450 | D:6      | Noticed Edmund
  7464 | D:6      | Killed Edmund
  8011 | D:6      | Killed Pikel
  8012 | D:6      | Reached skill level 5 in Invocations
  8029 | D:6      | Found a runed translucent door.
  8030 | D:6      | Noticed Crazy Yiuf
  8072 | D:6      | Killed Crazy Yiuf
  8135 | D:6      | Found a staircase to the Ecumenical Temple.
  8154 | Temple   | Entered the Ecumenical Temple
  8254 | Temple   | Became a worshipper of Warmaster Okawaru
  8695 | D:6      | Reached skill level 7 in Spellcasting
  9033 | D:7      | Reached XP level 10. HP: 73/73 MP: 11/20
  9195 | D:7      | Noticed a kobold demonologist
  9234 | D:7      | Found a transporter.
  9252 | D:7      | Noticed a kobold demonologist
  9283 | D:7      | Reached skill level 5 in Fighting
  9283 | D:7      | Reached skill level 5 in Short Blades
  9283 | D:7      | Reached skill level 5 in Long Blades
  9283 | D:7      | Reached skill level 5 in Axes
  9283 | D:7      | Reached skill level 5 in Maces & Flails
  9283 | D:7      | Reached skill level 5 in Polearms
  9283 | D:7      | Reached skill level 5 in Staves
  9283 | D:7      | Reached skill level 5 in Slings
  9283 | D:7      | Reached skill level 5 in Bows
  9283 | D:7      | Reached skill level 5 in Crossbows
  9283 | D:7      | Reached skill level 5 in Throwing
  9283 | D:7      | Reached skill level 5 in Armour
  9283 | D:7      | Reached skill level 5 in Shields
  9283 | D:7      | Reached skill level 5 in Unarmed Combat
  9283 | D:7      | Reached skill level 5 in Evocations
  9402 | D:7      | HP: 2/72 [ice beast (3)]
  9402 | D:7      | Mangled by an ice beast

Illustrated notes

Levels and vault maps discovered:
D:1:      minmay_arrival_arboretum_large, layout_basic
D:2:      layout_basic, serial_shops, shop_fountains
D:3:      layout_basic, mainiacjoe_overflow_boulevard, lemuel_tele_altar,
          hangedman_decor_clover_reticule
D:4:      layout_loops_ring, slow_altar_2, dancing_weapons_uskayaw,
          serial_shops, nicolae_square_shop, hangedman_abyss_or_decor_stabs,
          kennysheep_generic_room_12
D:5:      layout_loops_corners, grunt_qazlal_sundering,
          gammafunk_temple_overflow_statue, mainiacjoe_overflow_brackets,
          hangedman_decor_diamond_cutter, uniq_blork_the_orc, uniq_sigmund,
          uniq_ijyb
D:6:      layout_gridville, minmay_temple_entry_junction_2,
          hangedman_decor_growths, grunt_decor_one_mirror,
          uniq_crazy_yiuf_cottage, uniq_pikel, uniq_edmund
D:7:      gammafunk_wand_slinger, layout_rooms, hellmonk_bongcloud_opening,
          uniq_harold
Temple:   hc_temple_tempest_star

Skill      XL: |  1  2  3  4  5  6  7  8  9 10 |
---------------+-------------------------------+-----
Transmutations | 2 3 4 |  4.7
Spellcasting   | 5 6 7 |  7.1
Invocations    | 1 2 3 4 5 |  5.4
Fighting       | 1 2 4 5 |  5.0
Short Blades   | 1 2 4 5 |  5.0
Long Blades    | 1 2 4 5 |  5.0
Axes           | 1 2 4 5 |  5.0
Maces & Flails | 1 2 4 5 |  5.0
Polearms       | 1 2 4 5 |  5.0
Staves         | 1 2 4 5 |  5.0
Slings         | 1 2 4 5 |  5.0
Bows           | 1 2 4 5 |  5.0
Crossbows      | 1 2 4 5 |  5.0
Throwing       | 1 2 4 5 |  5.0
Armour         | 1 2 4 5 |  5.0
Shields        | 1 2 4 5 |  5.0
Unarmed Combat | 1 2 4 5 |  5.0
Evocations     | 1 2 4 5 |  5.0
Conjurations   | 1 2 3 4 |  4.1
Hexes          | 1 2 3 4 |  4.1
Summonings     | 1 2 3 4 |  4.1
Necromancy     | 1 2 3 4 |  4.1
Translocations | 1 2 3 4 |  4.1
Fire Magic     | 1 2 3 4 |  4.1
Ice Magic      | 1 2 3 4 |  4.1
Air Magic      | 1 2 3 4 |  4.1
Earth Magic    | 1 2 3 4 |  4.1
Dodging        | 5 6 |  6.8
Stealth        | 5 6 |  6.6
Poison Magic   | 6 |  6.9

Action                   |  1- 3 |  4- 6 |  7- 9 | 10-12 || total
-------------------------+-------+-------+-------+-------++-------
Melee: Unarmed           |       |     1 |       |       ||     1
       Trident           |       |    12 |   122 |    16 ||   150
       Bite              |       |     2 |    19 |     3 ||    24
Throw: Boomerang         |       |       |       |     6 ||     6
 Cast: Sting             |    81 |   111 |   142 |     7 ||   341
       Poisonous Vapours |     5 |    13 |    35 |     7 ||    60
       Mephitic Cloud    |       |       |     6 |       ||     6
       Olgreb's Toxic Ra |       |       |     4 |     1 ||     5
Evoke: Wand              |       |       |    11 |     4 ||    15
       Piece from Xom's  |       |       |       |     7 ||     7
  Use: Scroll            |       |     5 |       |       ||     5
       Potion            |       |     1 |       |       ||     1
 Stab: Sleeping          |       |       |     1 |       ||     1
       Confused          |       |       |     1 |       ||     1
       Petrified         |       |       |       |     3 ||     3
Armor: Robe              |     1 |    13 |    48 |     4 ||    66
Dodge: Dodged            |     7 |    37 |   220 |    28 ||   292

Table legend: (Time is in decaauts)
 A = Elapsed time spent in this place.
 B = Non-inter-level travel time spent in this place.
 C = Inter-level travel time spent in this place.
 D = Time resting spent in this place.
 E = Time spent auto-exploring this place.
 F = Levels seen in this place.
 G = Mean time per level.
                   A        B        C        D        E       F      G
               +--------+--------+--------+--------+--------+-----+--------+
         Total |   9431 |   9148 |    283 |    624 |   7107 |   8 | 1178.9 |
       Dungeon |   9311 |   9048 |    263 |    624 |   7027 |   7 | 1330.1 |
        Temple |    120 |    100 |     20 |      0 |     80 |   1 |  120.0 |
               +--------+--------+--------+--------+--------+-----+--------+

Top non-repeatable levels by time:
     D:5: 2313 daAuts
     D:6: 1835 daAuts
     D:4: 1514 daAuts
     D:2: 1411 daAuts
     D:1: 934 daAuts
     D:3: 858 daAuts
     D:7: 442 daAuts
  Temple: 120 daAuts
